 Dungeon Crawl Stone Soup version 0.18.1-48-g4cf74bf (webtiles) character file.

19 deDude the Charmwright (level 2, -4/20 HPs)
             Began as a High Elf Skald on Aug 27, 2016.
             Slain by Natasha (8 damage)
             ... on level 2 of the Dungeon.
             The game lasted 00:09:14 (739 turns).

deDude the Charmwright (High Elf Skald)              Turns: 739, Time: 00:09:15

Health: -4/20      AC:  4    Str: 11    XL:     2   Next: 55%
Magic:  6/6        EV: 10    Int: 15    God:
Gold:   67         SH:  3    Dex: 14    Spells: 1 memorised, 5 levels left

rFire  . . .     SeeInvis +     a - +0 falchion
rCold  . . .     Gourm    .     k - +0 leather armour
rNeg   . . .     Faith    .     h - +0 buckler
rPois  .         Spirit   .     m - +1 hat
rElec  .         Dismiss  .     (no cloak)
rCorr  .         Reflect  .     (no gloves)
SustAt .         Harm     .     (no boots)
MR     .....                    (no amulet)
Stlth  +.........               (no ring)
                                p - ring of see invisible

@: slowed, very slow, not resistant to hostile enchantments, very unstealthy
A: no striking features
a: no special abilities


You were on level 2 of the Dungeon.
You were not hungry.

You visited 1 branch of the dungeon, and saw 2 of its levels.

You collected 67 gold pieces.

Inventory:

Hand Weapons
 a - a +0 falchion (weapon)
 e - a +0 dagger
Missiles
 f - 15 stones (quivered)
 o - 21 sling bullets
Armour
 b - a +0 leather armour
 h - a +0 buckler (worn)
 k - a +0 leather armour (worn)
 m - a +1 hat (worn)
 q - a +0 robe
Jewellery
 p - a ring of see invisible (left hand)
Scrolls
 g - a scroll of amnesia {unknown}
 j - a scroll of immolation {unknown}
 l - a scroll of teleportation {unknown}
 n - a scroll of magic mapping {unknown}
 r - a scroll of identify {unknown}
Potions
 i - a potion of haste {unknown}
Books
 c - a book of Battle

   Spells                             Type                      Level
   a - Infusion                       Charms                       1
   b - Shroud of Golubria             Charms/Translocation         2
   c - Song of Slaying                Charms                       2
   d - Spectral Weapon                Hexes/Charms                 3
   e - Regeneration                   Charms/Necromancy            3
Comestibles
 d - 2 bread rations


   Skills:
 + Level 2.3 Fighting
 + Level 2.7 Long Blades
 + Level 1.1 Armour
 + Level 1.2 Dodging
 + Level 2.6 Spellcasting
 + Level 3.9 Charms


You had 5 spell levels left.
You knew the following spells:

 Your Spells              Type           Power        Failure   Level  Hunger
a - Infusion              Chrm           ##..         12%         1    #......


Dungeon Overview and Level Annotations

Branches:
Dungeon (2/15)

Altars:

Annotations:
D:2 Natasha


Message History

You hit Natasha but do no damage.
Natasha is moderately wounded.
Natasha barely misses you.
You slash Natasha!
Natasha is almost dead.
Natasha casts a spell at you.
You feel yourself slow down.
You hit Natasha but do no damage.
Natasha is almost dead.
You block Natasha's attack. Natasha misses you.
Your shield and leather armour prevent you from hitting Natasha.
Natasha is almost dead.
The white imp shouts, "Bolt, thou frumpy boil-brained skainsmate!"
Natasha misses you. Natasha claws you but does no damage.
You closely miss Natasha.
Natasha is almost dead.
Natasha claws you.
* * * LOW HITPOINT WARNING * * *
Natasha claws you!
You die...

#.....<..#######...
#........##......#
#........##......#
#........##......#
#........##......#
#................#
#.........####.#.#
#........#####b#.#####.
#####.......>...@hg........
.....†.......#####5###....#
........###### #..#..####
........# ##g#.#####
........# #.........
........### #.........
.........†# #.........
..........# #.........
..........# #.........


You could see Natasha, a white imp, a hobgoblin and a bat.

Vanquished Creatures
  A worm (D:2)
  A giant cockroach (D:1)
  2 goblins
  2 hobgoblins (D:1)
  3 kobolds
  4 bats
  A giant newt (D:1)
  A rat (D:1)
15 creatures vanquished.

Notes
Turn   | Place    | Note
--------------------------------------------------------------
     0 | D:1      | deDude the High Elf Skald began the quest for the Orb.
     0 | D:1      | Reached XP level 1. HP: 14/14 MP: 4/4
    21 | D:1      | Reached skill level 1 in Armour
   424 | D:1      | Reached XP level 2. HP: 17/19 MP: 6/6
   717 | D:2      | Noticed Natasha
   739 | D:2      | Slain by Natasha

Skill      XL: |  1 |
---------------+----+-----
Armour         | 1 |  1.1
Fighting       | |  2.3
Long Blades    | |  2.7
Dodging        | |  1.2
Spellcasting   | |  2.6
Charms         | |  3.9

Action                   || total
-------------------------++-------
Melee: Falchion          ||    50
 Stab: Sleeping          ||     1
Armor: Leather armour    ||    15
Dodge: Dodged            ||    42
Block: Buckler           ||     8
